Canucks vs Capitals

Created - 20 décembre 2020 at 21:19

Goals
1 2 3 OT1 T
Canucks 1 1 0 0 2
Capitals 1 0 1 1 3
Shots
1 2 3 OT1 T
Canucks 12 28 6 6 52
Capitals 16 5 14 2 37

1st period

1. Capitals , Mikael Granlund 8 (Reilly Smith 9, Michael Del Zotto 12) at 9:10 (PP)
2. Canucks , Anthony Duclair 8 (Kevin Hayes 15) at 19:20

Penalties :
Ron Hainsey (VAN) for Holding Stick (Minor) at 8:27, Brett Kulak (WSH) for Tripping (Minor) at 10:12

2nd period

3. Canucks , Tanner Pearson 6 (Alex Pietrangelo 19, Anthony Duclair 6) at 19:18

Penalties :
Wayne Simmonds (WSH) for Roughing (Minor) at 0:47, Brennan Menell (WSH) for Hooking (Minor) at 9:17, Brett Kulak (WSH) for Hooking (Minor) at 14:05

3rd period

4. Capitals , David Kampf 7 (Jason Dickinson 11, Riley Stillman 3) at 1:11

Penalties :
Ron Hainsey (VAN) for Tripping (Minor) at 16:25

Overtime #1

5. Capitals , Bobby Ryan 6 (Jason Dickinson 12) at 3:31

Penalties :
No Penalty

Goalie Stats

Carey Price (VAN), 34 saves from 37 shots - (0,919), OTL, 15-9-2, 63:32 minutes
Pekka Rinne (WSH), 50 saves from 52 shots - (0,962), W, 7-11-4, 63:32 minutes

Players Stats for Canucks

Player Name              G  A  P  +/- PIM S  H  SB GA TA FO     MP     PP MP  PK MP  
------------------------------------------------------------------------------------
Aaron Ekblad             0  0  0   1  0   1  1  3  0  0  0/0    21:17   0:00   1:52 
Alex Pietrangelo         0  1  1   0  0   6  2  1  0  0  0/0    26:57   3:32   1:44 
Anthony Duclair          1  1  2   2  0   6  1  0  0  0  0/0    18:22   3:32   0:00 
Blake Coleman            0  0  0   0  0   5  3  0  0  0  1/2    16:13   0:48   1:07 
Boone Jenner             0  0  0  -1  0   1  2  0  0  0  0/3    18:56   1:00   1:15 
Brayden Point            0  0  0   0  0   6  0  0  0  0  12/24  24:47   4:37   0:00 
Brock Boeser             0  0  0   0  0   0  0  0  0  0  0/0     7:26   1:18   0:00 
Chris Tierney            0  0  0   0  0   0  0  0  0  0  2/10    6:30   0:00   1:27 
Craig Smith              0  0  0  -1  0   0  0  0  0  0  1/3    12:27   4:14   0:00 
Ian Cole                 0  0  0   0  0   0  1  1  0  0  0/0    14:16   0:00   0:33 
Keith Yandle             0  0  0   0  0   3  0  1  0  0  0/0    14:41   0:00   0:58 
Kevin Hayes              0  1  1   1  0   9  0  0  0  0  17/33  20:48   3:55   0:00 
Mitch Marner             0  0  0  -1  0   6  0  0  0  0  2/3    19:02   4:01   0:00 
Morgan Rielly            0  0  0   0  0   2  1  1  0  0  0/0    22:28   4:24   0:17 
Ron Hainsey              0  0  0   0  4   0  1  1  0  0  0/0    15:55   0:00   0:00 
Ryan O'Reilly            0  0  0  -1  0   4  0  0  0  0  14/22  22:32   4:24   0:08 
Tanner Pearson           1  0  1   2  0   2  3  0  0  0  2/3    20:12   3:55   1:27 
Zach Sanford             0  0  0   0  0   1  0  0  0  0  0/0     5:03   0:00   0:00 

Players Stats for Capitals

Player Name              G  A  P  +/- PIM S  H  SB GA TA FO     MP     PP MP  PK MP  
------------------------------------------------------------------------------------
Bobby Ryan               1  0  1   1  0   2  5  0  0  0  1/4    20:39   1:15   2:30 
Brandon Montour          0  0  0   0  0   0  0  3  0  0  0/0    26:38   1:15   4:04 
Brennan Menell           0  0  0   0  2   1  1  0  0  0  0/0    14:55   0:00   0:00 
Brett Kulak              0  0  0   0  4   0  3  1  0  0  0/0    14:54   0:00   0:00 
Casey Mittelstadt        0  0  0  -2  0   3  0  0  0  0  9/15   10:21   0:00   0:00 
Chandler Stephenson      0  0  0   0  0   2  0  1  0  0  9/14    8:41   0:00   0:00 
David Kampf              1  0  1   1  0   5  0  0  0  0  1/2    16:22   1:27   0:16 
Filip Zadina             0  0  0   0  0   1  0  0  0  0  1/1     8:41   0:00   0:00 
Jason Dickinson          0  2  2   2  0   2  1  1  0  0  15/26  19:29   1:27   2:30 
Josh Anderson            0  0  0  -2  0   4  1  0  0  0  1/1    10:37   0:00   0:16 
Kevin Labanc             0  0  0  -2  0   1  0  0  0  0  1/3    10:21   0:00   0:00 
Kris Russell             0  0  0  -1  0   2  1  3  0  0  0/0    20:45   1:27   3:52 
Michael Del Zotto        0  1  1   1  0   0  6  1  0  0  0/0    25:32   1:15   4:04 
Mikael Granlund          1  0  1   0  0   5  1  1  0  0  14/37  24:35   1:15   5:10 
Reilly Smith             0  1  1   0  0   4  0  0  0  0  0/0    24:35   1:15   5:10 
Riley Stillman           0  1  1  -1  0   2  1  1  0  0  0/0    20:45   1:27   3:52 
Vinnie Hinostroza        0  0  0   0  0   0  1  1  0  0  0/0     8:41   0:00   0:00 
Wayne Simmonds           0  0  0   1  2   3  0  0  0  0  0/0    16:05   1:27   0:00 

3 Stars

1 - Pekka Rinne (WSH)
2 - Anthony Duclair (VAN)
3 - Bobby Ryan (WSH)

Power Play

Canucks - 0 on 4 Attempt(s) - 0,00%
Capitals - 1 on 2 Attempt(s) - 50,00%

Penalty Kill

Canucks - 1 on 2 Attempt(s) - 50,00% - Score 0 goal in Penalty Kill
Capitals - 4 on 4 Attempt(s) - 100,00% - Score 0 goal in Penalty Kill

Team Stat

Canucks - Hits : 15 - Faceoff Wins : 51 - Blocked Shots : 8 - Penalty Minutes : 4
Capitals - Hits : 21 - Faceoff Wins : 52 - Blocked Shots : 13 - Penalty Minutes : 8

Official

Referees : Kyle Rehman and Terry Koharski
Linesman : Brent Hooks and Vaughan Rody

Game Notes

Brock Boeser is injured at 1:40 of 2nd period (Bruised Left Shoulder)

Finance

Level 1 -- Attendance: 2558 (39,35%) -- Ticket Income 639 500 $
Level 2 -- Attendance: 2016 (40,32%) -- Ticket Income 403 200 $
Level 3 -- Attendance: 1087 (31,06%) -- Ticket Income 190 225 $
Level 4 -- Attendance: 707 (28,21%) -- Ticket Income 106 050 $
Luxury Box -- Attendance: 495 (49,50%) -- Ticket Income 198 000 $
Game was played at the Verizon Center.
Total Attendance: 6863 (37,09%)
Total Ticket Income: 1 536 975 $
Other Income: 753 118 $
Total Income: 2 290 093 $

% Time on Ice - Canucks

Lines # - Real PCT - Wanted PCT - Time Play
Normal Forward
1 - 34% - 33% - 16:41
2 - 26% - 33% - 12:48
3 - 30% - 28% - 14:50
4 - 10% - 6% - 5:03
Normal Defense
1 - 36% - 40% - 17:52
2 - 32% - 30% - 15:57
3 - 28% - 20% - 13:43
4 - 4% - 10% - 1:50
PP Forward
1 - 51% - 50% - 4:01
2 - 49% - 50% - 3:55
PP Defense
1 - 55% - 50% - 4:24
2 - 45% - 50% - 3:32
PK Forward
1 - 46% - 50% - 1:15
2 - 54% - 50% - 1:27
PK Defense
1 - 90% - 60% - 2:25
2 - 10% - 40% - 0:17
PK3 Forward
1 - 0% - 50%
2 - 0% - 50%
PK3 Defense
1 - 0% - 70%
2 - 0% - 30%
44 Forward
1 - 0% - 50%
2 - 0% - 50%
44 Defense
1 - 0% - 60%
2 - 0% - 40%
Last Minute Offensive  - 0:00
Last Minute Defensive  - 0:00
Total
Forward - 60:00
Defense - 60:00

% Time on Ice - Capitals

Lines # - Real PCT - Wanted PCT - Time Play
Normal Forward
1 - 32% - 40% - 15:51
2 - 29% - 30% - 14:29
3 - 21% - 20% - 10:21
4 - 18% - 10% - 8:41
Normal Defense
1 - 35% - 40% - 17:31
2 - 31% - 30% - 15:26
3 - 30% - 20% - 14:56
4 - 3% - 10% - 1:29
PP Forward
1 - 46% - 60% - 1:15
2 - 54% - 40% - 1:27
PP Defense
1 - 46% - 60% - 1:15
2 - 54% - 40% - 1:27
PK Forward
1 - 68% - 60% - 5:26
2 - 32% - 40% - 2:30
PK Defense
1 - 51% - 60% - 4:04
2 - 49% - 40% - 3:52
PK3 Forward
1 - 0% - 60%
2 - 0% - 40%
PK3 Defense
1 - 0% - 60%
2 - 0% - 40%
44 Forward
1 - 0% - 60%
2 - 0% - 40%
44 Defense
1 - 0% - 60%
2 - 0% - 40%
Last Minute Offensive  - 0:00
Last Minute Defensive  - 0:00
Total
Forward - 60:00
Defense - 60:00

Play-by-Play

1st period


0:01 of 1st period - Mikael Granlund wins face-off versus Boone Jenner in neutral zone.
1:05 of 1st period - Mitch Marner is hit by Jason Dickinson and loses puck.
1:10 of 1st period - Shot by Wayne Simmonds.
1:10 of 1st period - Shot Misses the Net.
1:12 of 1st period - Shot by David Kampf.
1:12 of 1st period - Shot Misses the Net.
1:14 of 1st period - Shot by Jason Dickinson.
1:14 of 1st period - Shot Misses the Net.
1:36 of 1st period - Shot by Wayne Simmonds.
1:36 of 1st period - Shot Misses the Net.
2:22 of 1st period - Shot by Anthony Duclair.
2:22 of 1st period - Stopped by Pekka Rinne without a rebound.
2:23 of 1st period - Chandler Stephenson wins face-off versus Chris Tierney in Capitals zone.
2:29 of 1st period - Off-side.
2:30 of 1st period - Filip Zadina wins face-off versus Chris Tierney in neutral zone.
2:44 of 1st period - Icing by Vinnie Hinostroza.
2:45 of 1st period - Kevin Hayes wins face-off versus Chandler Stephenson in Capitals zone.
3:05 of 1st period - Shot by Anthony Duclair.
3:05 of 1st period - Stopped by Pekka Rinne with a rebound.
3:07 of 1st period - Shot by Ian Cole.
3:07 of 1st period - Deflect By Tanner Pearson.
3:07 of 1st period - Shot Blocked by Kris Russell.
3:09 of 1st period - Shot by Keith Yandle.
3:09 of 1st period - Stopped by Pekka Rinne without a rebound.
3:10 of 1st period - Ryan O'Reilly wins face-off versus Mikael Granlund in Capitals zone.
3:27 of 1st period - Boone Jenner is hit by Bobby Ryan.
4:27 of 1st period - Jason Dickinson is hit by Blake Coleman and loses puck.
4:36 of 1st period - Shot by Mitch Marner.
4:36 of 1st period - Stopped by Pekka Rinne without a rebound.
4:37 of 1st period - Casey Mittelstadt wins face-off versus Kevin Hayes in Capitals zone.
4:53 of 1st period - Shot by Josh Anderson.
4:53 of 1st period - Stopped by Carey Price with a rebound.
4:59 of 1st period - Shot by Kevin Hayes.
4:59 of 1st period - Stopped by Pekka Rinne without a rebound.
5:00 of 1st period - Jason Dickinson wins face-off versus Brayden Point in Capitals zone.
5:00 of 1st period - Jason Dickinson is hit by Blake Coleman.
5:22 of 1st period - Shot by Wayne Simmonds.
5:22 of 1st period - Stopped by Carey Price without a rebound.
5:23 of 1st period - Kevin Hayes wins face-off versus Casey Mittelstadt in Canucks zone.
5:41 of 1st period - Off-side.
5:42 of 1st period - Ryan O'Reilly wins face-off versus Jason Dickinson in neutral zone.
6:13 of 1st period - Brock Boeser is hit by Michael Del Zotto and loses puck.
6:44 of 1st period - Ron Hainsey is hit by Bobby Ryan and loses puck.
6:55 of 1st period - Shot by Blake Coleman.
6:55 of 1st period - Stopped by Pekka Rinne without a rebound.
6:56 of 1st period - Casey Mittelstadt wins face-off versus Kevin Hayes in Capitals zone.
7:01 of 1st period - Riley Stillman is hit by Anthony Duclair and loses puck.
7:08 of 1st period - Keith Yandle is hit by Josh Anderson and loses puck.
7:28 of 1st period - Icing by Kris Russell.
7:29 of 1st period - Brayden Point wins face-off versus Kevin Labanc in Capitals zone.
8:20 of 1st period - Shot by Reilly Smith.
8:20 of 1st period - Shot Blocked by Morgan Rielly.
8:26 of 1st period - Shot by Mikael Granlund.
8:26 of 1st period - Shot Blocked by Ron Hainsey.
8:27 of 1st period - Minor Penalty to Ron Hainsey for Holding Stick.
8:28 of 1st period - David Kampf wins face-off versus Chris Tierney in Canucks zone.
8:52 of 1st period - Shot by David Kampf.
8:52 of 1st period - Stopped by Carey Price without a rebound.
8:53 of 1st period - Mikael Granlund wins face-off versus Chris Tierney in Canucks zone.
9:02 of 1st period - Shot by Reilly Smith.
9:02 of 1st period - Deflect By Mikael Granlund.
9:02 of 1st period - Stopped by Carey Price with a rebound.
9:04 of 1st period - Shot by Mikael Granlund.
9:04 of 1st period - Stopped by Carey Price with a rebound.
9:08 of 1st period - Shot by Reilly Smith.
9:08 of 1st period - Deflect By Mikael Granlund.
9:08 of 1st period - Shot Misses the Net.
9:10 of 1st period - Shot by Mikael Granlund.
9:10 of 1st period - Goal by Mikael Granlund - Canucks : 0 - Capitals : 1.
9:11 of 1st period - Chandler Stephenson wins face-off versus Boone Jenner in neutral zone.
10:02 of 1st period - Anthony Duclair is hit by Brennan Menell and loses puck.
10:12 of 1st period - Minor Penalty to Brett Kulak for Tripping.
10:13 of 1st period - Mikael Granlund wins face-off versus Craig Smith in Capitals zone.
10:34 of 1st period - Shot by Alex Pietrangelo.
10:34 of 1st period - Stopped by Pekka Rinne without a rebound.
10:35 of 1st period - Kevin Hayes wins face-off versus Mikael Granlund in Capitals zone.
10:55 of 1st period - Icing by Ryan O'Reilly.
10:56 of 1st period - Kevin Hayes wins face-off versus Mikael Granlund in Canucks zone.
11:11 of 1st period - Shot by Tanner Pearson.
11:11 of 1st period - Shot Blocked by Jason Dickinson.
11:46 of 1st period - Icing by Anthony Duclair.
11:47 of 1st period - Mikael Granlund wins face-off versus Brayden Point in Canucks zone.
11:52 of 1st period - Shot by Reilly Smith.
11:52 of 1st period - Shot Misses the Net.
12:02 of 1st period - Shot by Brayden Point.
12:02 of 1st period - Stopped by Pekka Rinne without a rebound.
12:03 of 1st period - Bobby Ryan wins face-off versus Brayden Point in Capitals zone.
12:13 of 1st period - Icing by Alex Pietrangelo.
12:14 of 1st period - Jason Dickinson wins face-off versus Chris Tierney in Canucks zone.
12:19 of 1st period - Shot by Jason Dickinson.
12:19 of 1st period - Stopped by Carey Price without a rebound.
12:20 of 1st period - Jason Dickinson wins face-off versus Brayden Point in Canucks zone.
12:45 of 1st period - Shot by Brayden Point.
12:45 of 1st period - Shot Misses the Net.
12:55 of 1st period - Shot by Brayden Point.
12:55 of 1st period - Shot Misses the Net.
12:57 of 1st period - Shot by Alex Pietrangelo.
12:57 of 1st period - Shot Misses the Net.
13:10 of 1st period - Icing by Brandon Montour.
13:11 of 1st period - Kevin Hayes wins face-off versus Jason Dickinson in Capitals zone.
13:43 of 1st period - Kevin Hayes is hit by Michael Del Zotto and loses puck.
13:49 of 1st period - Tanner Pearson is hit by Michael Del Zotto.
13:52 of 1st period - Anthony Duclair is hit by Michael Del Zotto.
13:59 of 1st period - Icing by Brandon Montour.
14:00 of 1st period - Ryan O'Reilly wins face-off versus Jason Dickinson in Capitals zone.
14:35 of 1st period - Shot by Ryan O'Reilly.
14:35 of 1st period - Shot Misses the Net.
14:43 of 1st period - Shot by Mikael Granlund.
14:43 of 1st period - Deflect By Bobby Ryan.
14:43 of 1st period - Shot Blocked by Keith Yandle.
14:45 of 1st period - Shot by Kris Russell.
14:45 of 1st period - Shot Misses the Net.
15:41 of 1st period - Shot by Mitch Marner.
15:41 of 1st period - Stopped by Pekka Rinne without a rebound.
15:42 of 1st period - Chandler Stephenson wins face-off versus Tanner Pearson in Capitals zone.
16:13 of 1st period - Shot by Chandler Stephenson.
16:13 of 1st period - Stopped by Carey Price without a rebound.
16:14 of 1st period - Casey Mittelstadt wins face-off versus Brayden Point in Canucks zone.
16:19 of 1st period - Shot by Josh Anderson.
16:19 of 1st period - Deflect By Kevin Labanc.
16:19 of 1st period - Stopped by Carey Price without a rebound.
16:20 of 1st period - Brayden Point wins face-off versus Casey Mittelstadt in Canucks zone.
16:41 of 1st period - Shot by Casey Mittelstadt.
16:41 of 1st period - Shot Misses the Net.
16:43 of 1st period - Shot by Kevin Labanc.
16:43 of 1st period - Shot Blocked by Aaron Ekblad.
16:52 of 1st period - Shot by Casey Mittelstadt.
16:52 of 1st period - Stopped by Carey Price with a rebound.
17:27 of 1st period - Shot by Reilly Smith.
17:27 of 1st period - Stopped by Carey Price with a rebound.
17:29 of 1st period - Shot by Mikael Granlund.
17:29 of 1st period - Stopped by Carey Price without a rebound.
17:30 of 1st period - Tanner Pearson wins face-off versus Chandler Stephenson in Canucks zone.
17:51 of 1st period - Shot by Keith Yandle.
17:51 of 1st period - Stopped by Pekka Rinne with a rebound.
17:53 of 1st period - Shot by Kevin Hayes.
17:53 of 1st period - Deflect By Tanner Pearson.
17:53 of 1st period - Shot Misses the Net.
17:55 of 1st period - Shot by Kevin Hayes.
17:55 of 1st period - Shot Misses the Net.
17:57 of 1st period - Shot by Keith Yandle.
17:57 of 1st period - Stopped by Pekka Rinne without a rebound.
17:58 of 1st period - Jason Dickinson wins face-off versus Ryan O'Reilly in Capitals zone.
18:03 of 1st period - Shot by David Kampf.
18:03 of 1st period - Stopped by Carey Price without a rebound.
18:04 of 1st period - Mikael Granlund wins face-off versus Ryan O'Reilly in Canucks zone.
18:39 of 1st period - Shot by Brock Boeser.
18:39 of 1st period - Shot Blocked by Brett Kulak.
18:51 of 1st period - Icing by Ryan O'Reilly.
18:52 of 1st period - Ryan O'Reilly wins face-off versus Jason Dickinson in Canucks zone.
19:11 of 1st period - Shot by Wayne Simmonds.
19:11 of 1st period - Stopped by Carey Price with a rebound.
19:14 of 1st period - Icing by Morgan Rielly.
19:15 of 1st period - Kevin Hayes wins face-off versus Casey Mittelstadt in Canucks zone.
19:20 of 1st period - Shot by Anthony Duclair.
19:20 of 1st period - Goal by Anthony Duclair - Canucks : 1 - Capitals : 1.
19:21 of 1st period - Casey Mittelstadt wins face-off versus Brayden Point in neutral zone.
19:24 of 1st period - Shot by Josh Anderson.
19:24 of 1st period - Stopped by Carey Price without a rebound.
19:25 of 1st period - Mitch Marner wins face-off versus Jason Dickinson in Canucks zone.
19:58 of 1st period - Shot by Wayne Simmonds.
19:58 of 1st period - Stopped by Carey Price without a rebound.
19:59 of 1st period - Mikael Granlund wins face-off versus Kevin Hayes in Canucks zone.
Goals for this period are 1 for Canucks vs 1 for Capitals.
Shots for this period are 12 for Canucks vs 16 for Capitals.

2nd period


0:01 of 2nd period - Kevin Hayes wins face-off versus Mikael Granlund in neutral zone.
0:47 of 2nd period - Minor Penalty to Wayne Simmonds for Roughing.
0:48 of 2nd period - Mikael Granlund wins face-off versus Brayden Point in Capitals zone.
1:23 of 2nd period - Shot by Morgan Rielly.
1:23 of 2nd period - Stopped by Pekka Rinne without a rebound.
1:24 of 2nd period - Kevin Hayes wins face-off versus Bobby Ryan in Capitals zone.
1:39 of 2nd period - Brock Boeser is hit by Riley Stillman and loses puck.
1:40 of 2nd period - Brock Boeser from Canucks is injured at 1:40 of 2nd period (Bruised Left Shoulder).
1:41 of 2nd period - Brayden Point wins face-off versus Mikael Granlund in Capitals zone.
1:56 of 2nd period - Shot by Brayden Point.
1:56 of 2nd period - Stopped by Pekka Rinne with a rebound.
2:32 of 2nd period - Shot by Anthony Duclair.
2:32 of 2nd period - Shot Misses the Net.
2:34 of 2nd period - Shot by Alex Pietrangelo.
2:34 of 2nd period - Shot Misses the Net.
2:36 of 2nd period - Shot by Blake Coleman.
2:36 of 2nd period - Stopped by Pekka Rinne with a rebound.
2:38 of 2nd period - Shot by Anthony Duclair.
2:38 of 2nd period - Shot Blocked by Brandon Montour.
2:40 of 2nd period - Shot by Kevin Hayes.
2:40 of 2nd period - Shot Misses the Net.
2:42 of 2nd period - Shot by Alex Pietrangelo.
2:42 of 2nd period - Shot Misses the Net.
2:44 of 2nd period - Shot by Blake Coleman.
2:44 of 2nd period - Stopped by Pekka Rinne without a rebound.
2:45 of 2nd period - Jason Dickinson wins face-off versus Kevin Hayes in Capitals zone.
3:33 of 2nd period - Shot by Zach Sanford.
3:33 of 2nd period - Stopped by Pekka Rinne with a rebound.
3:35 of 2nd period - Shot by Alex Pietrangelo.
3:35 of 2nd period - Stopped by Pekka Rinne with a rebound.
3:53 of 2nd period - Shot by Alex Pietrangelo.
3:53 of 2nd period - Stopped by Pekka Rinne without a rebound.
3:54 of 2nd period - Jason Dickinson wins face-off versus Kevin Hayes in Capitals zone.
3:54 of 2nd period - Jason Dickinson is hit by Tanner Pearson.
4:18 of 2nd period - Shot by Kevin Hayes.
4:18 of 2nd period - Deflect By Tanner Pearson.
4:18 of 2nd period - Shot Misses the Net.
4:32 of 2nd period - Shot by Anthony Duclair.
4:32 of 2nd period - Shot Misses the Net.
4:57 of 2nd period - Icing by Mikael Granlund.
4:58 of 2nd period - Mitch Marner wins face-off versus Mikael Granlund in Capitals zone.
5:19 of 2nd period - Shot by Blake Coleman.
5:19 of 2nd period - Stopped by Pekka Rinne without a rebound.
5:20 of 2nd period - Kevin Labanc wins face-off versus Ryan O'Reilly in Capitals zone.
5:20 of 2nd period - Kevin Labanc is hit by Boone Jenner.
5:41 of 2nd period - Icing by Ian Cole.
5:42 of 2nd period - Ryan O'Reilly wins face-off versus Chandler Stephenson in Canucks zone.
5:52 of 2nd period - Shot by Filip Zadina.
5:52 of 2nd period - Stopped by Carey Price without a rebound.
5:53 of 2nd period - Chris Tierney wins face-off versus Mikael Granlund in Canucks zone.
6:28 of 2nd period - Shot by Mikael Granlund.
6:28 of 2nd period - Shot Blocked by Aaron Ekblad.
6:50 of 2nd period - Off-side.
6:51 of 2nd period - Ryan O'Reilly wins face-off versus Casey Mittelstadt in neutral zone.
6:58 of 2nd period - Shot by Boone Jenner.
6:58 of 2nd period - Stopped by Pekka Rinne with a rebound.
7:15 of 2nd period - Off-side.
7:16 of 2nd period - Kevin Hayes wins face-off versus Jason Dickinson in neutral zone.
8:30 of 2nd period - Off-side.
8:31 of 2nd period - Ryan O'Reilly wins face-off versus Mikael Granlund in neutral zone.
8:50 of 2nd period - Shot by Ryan O'Reilly.
8:50 of 2nd period - Stopped by Pekka Rinne without a rebound.
8:51 of 2nd period - Chris Tierney wins face-off versus Kevin Labanc in Capitals zone.
9:08 of 2nd period - Zach Sanford is hit by Brett Kulak and loses puck.
9:16 of 2nd period - Icing by Brett Kulak.
9:17 of 2nd period - Ryan O'Reilly wins face-off versus Casey Mittelstadt in Capitals zone.
9:17 of 2nd period - Minor Penalty to Brennan Menell for Hooking.
9:18 of 2nd period - Mikael Granlund wins face-off versus Kevin Hayes in Capitals zone.
10:31 of 2nd period - Shot by Boone Jenner.
10:31 of 2nd period - Shot Misses the Net.
10:33 of 2nd period - Shot by Alex Pietrangelo.
10:33 of 2nd period - Stopped by Pekka Rinne without a rebound.
10:34 of 2nd period - Brayden Point wins face-off versus Mikael Granlund in Capitals zone.
10:55 of 2nd period - Shot by Brayden Point.
10:55 of 2nd period - Stopped by Pekka Rinne with a rebound.
11:02 of 2nd period - Icing by Mitch Marner.
11:03 of 2nd period - Craig Smith wins face-off versus Mikael Granlund in Canucks zone.
11:24 of 2nd period - Chandler Stephenson is hit by Blake Coleman and loses puck.
12:09 of 2nd period - Shot by Tanner Pearson.
12:09 of 2nd period - Stopped by Pekka Rinne with a rebound.
12:11 of 2nd period - Shot by Ron Hainsey.
12:11 of 2nd period - Shot Blocked by Chandler Stephenson.
12:17 of 2nd period - Shot by Anthony Duclair.
12:17 of 2nd period - Shot Misses the Net.
12:19 of 2nd period - Shot by Kevin Hayes.
12:19 of 2nd period - Stopped by Pekka Rinne without a rebound.
12:20 of 2nd period - Jason Dickinson wins face-off versus Chris Tierney in Capitals zone.
12:36 of 2nd period - Off-side.
12:37 of 2nd period - Kevin Hayes wins face-off versus Bobby Ryan in neutral zone.
12:37 of 2nd period - Tanner Pearson is hit by Mikael Granlund and loses puck.
12:51 of 2nd period - Shot by Anthony Duclair.
12:51 of 2nd period - Stopped by Pekka Rinne with a rebound.
12:53 of 2nd period - Shot by Kevin Hayes.
12:53 of 2nd period - Shot Misses the Net.
13:08 of 2nd period - Icing by Morgan Rielly.
13:09 of 2nd period - Casey Mittelstadt wins face-off versus Kevin Hayes in Canucks zone.
13:30 of 2nd period - Shot by Josh Anderson.
13:30 of 2nd period - Stopped by Carey Price without a rebound.
13:31 of 2nd period - Jason Dickinson wins face-off versus Brayden Point in Canucks zone.
13:46 of 2nd period - Shot by Mitch Marner.
13:46 of 2nd period - Shot Misses the Net.
13:50 of 2nd period - Shot by Brayden Point.
13:50 of 2nd period - Shot Misses the Net.
13:58 of 2nd period - Shot by Brayden Point.
13:58 of 2nd period - Shot Misses the Net.
14:05 of 2nd period - Minor Penalty to Brett Kulak for Hooking.
14:06 of 2nd period - Mikael Granlund wins face-off versus Kevin Hayes in Capitals zone.
14:26 of 2nd period - Kevin Hayes is hit by Kris Russell.
15:08 of 2nd period - Shot by Brayden Point.
15:08 of 2nd period - Shot Blocked by Brandon Montour.
15:10 of 2nd period - Shot by Alex Pietrangelo.
15:10 of 2nd period - Stopped by Pekka Rinne without a rebound.
15:11 of 2nd period - Mikael Granlund wins face-off versus Brayden Point in Capitals zone.
15:36 of 2nd period - Shot by Alex Pietrangelo.
15:36 of 2nd period - Shot Blocked by Mikael Granlund.
15:38 of 2nd period - Shot by Alex Pietrangelo.
15:38 of 2nd period - Stopped by Pekka Rinne without a rebound.
15:39 of 2nd period - Kevin Hayes wins face-off versus Mikael Granlund in Capitals zone.
15:50 of 2nd period - Shot by Kevin Hayes.
15:50 of 2nd period - Stopped by Pekka Rinne with a rebound.
15:52 of 2nd period - Shot by Morgan Rielly.
15:52 of 2nd period - Stopped by Pekka Rinne with a rebound.
15:54 of 2nd period - Shot by Tanner Pearson.
15:54 of 2nd period - Deflect By Kevin Hayes.
15:54 of 2nd period - Stopped by Pekka Rinne without a rebound.
15:55 of 2nd period - Brayden Point wins face-off versus Bobby Ryan in Capitals zone.
15:56 of 2nd period - Shot by Alex Pietrangelo.
15:56 of 2nd period - Shot Misses the Net.
16:02 of 2nd period - Shot by Brayden Point.
16:02 of 2nd period - Stopped by Pekka Rinne without a rebound.
16:03 of 2nd period - Brayden Point wins face-off versus Mikael Granlund in Capitals zone.
16:04 of 2nd period - Shot by Ryan O'Reilly.
16:04 of 2nd period - Deflect By Mitch Marner.
16:04 of 2nd period - Stopped by Pekka Rinne without a rebound.
16:05 of 2nd period - Brayden Point wins face-off versus Jason Dickinson in Capitals zone.
16:06 of 2nd period - Shot by Mitch Marner.
16:06 of 2nd period - Stopped by Pekka Rinne without a rebound.
16:07 of 2nd period - Jason Dickinson wins face-off versus Brayden Point in Capitals zone.
16:22 of 2nd period - Icing by Aaron Ekblad.
16:23 of 2nd period - Brayden Point wins face-off versus Mikael Granlund in Canucks zone.
16:25 of 2nd period - Icing by Alex Pietrangelo.
16:26 of 2nd period - Brayden Point wins face-off versus Mikael Granlund in Canucks zone.
16:26 of 2nd period - Brayden Point is hit by Bobby Ryan.
16:50 of 2nd period - Shot by Brayden Point.
16:50 of 2nd period - Shot Misses the Net.
16:52 of 2nd period - Shot by Blake Coleman.
16:52 of 2nd period - Stopped by Pekka Rinne without a rebound.
16:53 of 2nd period - Casey Mittelstadt wins face-off versus Ryan O'Reilly in Capitals zone.
17:01 of 2nd period - Icing by Ron Hainsey.
17:02 of 2nd period - Jason Dickinson wins face-off versus Ryan O'Reilly in Canucks zone.
18:20 of 2nd period - Shot by Tanner Pearson.
18:20 of 2nd period - Deflect By Anthony Duclair.
18:20 of 2nd period - Stopped by Pekka Rinne without a rebound.
18:21 of 2nd period - Casey Mittelstadt wins face-off versus Craig Smith in Capitals zone.
18:30 of 2nd period - Shot by Casey Mittelstadt.
18:30 of 2nd period - Deflect By Kevin Labanc.
18:30 of 2nd period - Shot Misses the Net.
18:32 of 2nd period - Shot by Casey Mittelstadt.
18:32 of 2nd period - Stopped by Carey Price with a rebound.
18:34 of 2nd period - Shot by Brennan Menell.
18:34 of 2nd period - Stopped by Carey Price without a rebound.
18:35 of 2nd period - Chandler Stephenson wins face-off versus Kevin Hayes in Canucks zone.
18:36 of 2nd period - Shot by Riley Stillman.
18:36 of 2nd period - Stopped by Carey Price without a rebound.
18:37 of 2nd period - Kevin Hayes wins face-off versus Casey Mittelstadt in Canucks zone.
18:57 of 2nd period - Shot by Alex Pietrangelo.
18:57 of 2nd period - Shot Blocked by Kris Russell.
18:59 of 2nd period - Shot by Kevin Hayes.
18:59 of 2nd period - Stopped by Pekka Rinne with a rebound.
19:01 of 2nd period - Shot by Kevin Hayes.
19:01 of 2nd period - Shot Misses the Net.
19:03 of 2nd period - Shot by Alex Pietrangelo.
19:03 of 2nd period - Shot Misses the Net.
19:05 of 2nd period - Shot by Aaron Ekblad.
19:05 of 2nd period - Shot Misses the Net.
19:14 of 2nd period - Shot by Anthony Duclair.
19:14 of 2nd period - Shot Misses the Net.
19:18 of 2nd period - Shot by Tanner Pearson.
19:18 of 2nd period - Goal by Tanner Pearson - Canucks : 2 - Capitals : 1.
19:19 of 2nd period - Ryan O'Reilly wins face-off versus Mikael Granlund in neutral zone.
19:41 of 2nd period - Shot by Ryan O'Reilly.
19:41 of 2nd period - Stopped by Pekka Rinne with a rebound.
19:43 of 2nd period - Shot by Ron Hainsey.
19:43 of 2nd period - Shot Blocked by Michael Del Zotto.
19:54 of 2nd period - Mikael Granlund is hit by Ron Hainsey and loses puck.
Goals for this period are 1 for Canucks vs 0 for Capitals.
Shots for this period are 28 for Canucks vs 5 for Capitals.

3rd period


0:01 of 3rd period - Brayden Point wins face-off versus Mikael Granlund in neutral zone.
0:01 of 3rd period - Alex Pietrangelo is hit by Bobby Ryan and loses puck.
0:19 of 3rd period - Mitch Marner is hit by Michael Del Zotto.
0:28 of 3rd period - Mitch Marner is hit by Michael Del Zotto and loses puck.
0:36 of 3rd period - Michael Del Zotto is hit by Alex Pietrangelo and loses puck.
1:11 of 3rd period - Shot by David Kampf.
1:11 of 3rd period - Goal by David Kampf - Canucks : 2 - Capitals : 2.
1:12 of 3rd period - Casey Mittelstadt wins face-off versus Kevin Hayes in neutral zone.
1:25 of 3rd period - Shot by Anthony Duclair.
1:25 of 3rd period - Stopped by Pekka Rinne without a rebound.
1:26 of 3rd period - Chandler Stephenson wins face-off versus Boone Jenner in Capitals zone.
1:52 of 3rd period - Icing by Vinnie Hinostroza.
1:53 of 3rd period - Chandler Stephenson wins face-off versus Kevin Hayes in Capitals zone.
1:53 of 3rd period - Chandler Stephenson is hit by Tanner Pearson.
1:59 of 3rd period - Shot by Anthony Duclair.
1:59 of 3rd period - Shot Blocked by Riley Stillman.
2:29 of 3rd period - Shot by Anthony Duclair.
2:29 of 3rd period - Deflect By Kevin Hayes.
2:29 of 3rd period - Stopped by Pekka Rinne without a rebound.
2:30 of 3rd period - Brayden Point wins face-off versus Mikael Granlund in Capitals zone.
2:37 of 3rd period - Shot by Mitch Marner.
2:37 of 3rd period - Shot Misses the Net.
2:45 of 3rd period - Blake Coleman is hit by Bobby Ryan and loses puck.
3:04 of 3rd period - Shot by Reilly Smith.
3:04 of 3rd period - Shot Hit the Post.
4:35 of 3rd period - Icing by Ian Cole.
4:36 of 3rd period - Kevin Hayes wins face-off versus Chandler Stephenson in Canucks zone.
6:15 of 3rd period - Shot by David Kampf.
6:15 of 3rd period - Shot Misses the Net.
6:17 of 3rd period - Shot by Riley Stillman.
6:17 of 3rd period - Stopped by Carey Price with a rebound.
6:19 of 3rd period - Shot by David Kampf.
6:19 of 3rd period - Stopped by Carey Price with a rebound.
6:44 of 3rd period - Shot by David Kampf.
6:44 of 3rd period - Stopped by Carey Price with a rebound.
7:33 of 3rd period - Shot by Kevin Hayes.
7:33 of 3rd period - Stopped by Pekka Rinne with a rebound.
8:03 of 3rd period - Brayden Point is hit by Vinnie Hinostroza and loses puck.
8:12 of 3rd period - Shot by Aaron Ekblad.
8:12 of 3rd period - Stopped by Pekka Rinne without a rebound.
8:13 of 3rd period - Mikael Granlund wins face-off versus Mitch Marner in Capitals zone.
8:22 of 3rd period - Shot by Reilly Smith.
8:22 of 3rd period - Shot Hit the Post.
8:24 of 3rd period - Shot by Bobby Ryan.
8:24 of 3rd period - Shot Misses the Net.
8:26 of 3rd period - Shot by Mikael Granlund.
8:26 of 3rd period - Shot Blocked by Alex Pietrangelo.
8:36 of 3rd period - Shot by Mikael Granlund.
8:36 of 3rd period - Shot Blocked by Aaron Ekblad.
8:52 of 3rd period - Shot by Mikael Granlund.
8:52 of 3rd period - Stopped by Carey Price with a rebound.
9:21 of 3rd period - Boone Jenner is hit by Brett Kulak and loses puck.
9:40 of 3rd period - Shot by Ryan O'Reilly.
9:40 of 3rd period - Stopped by Pekka Rinne without a rebound.
9:41 of 3rd period - Chandler Stephenson wins face-off versus Kevin Hayes in Capitals zone.
9:56 of 3rd period - Shot by Chandler Stephenson.
9:56 of 3rd period - Stopped by Carey Price without a rebound.
9:57 of 3rd period - Casey Mittelstadt wins face-off versus Kevin Hayes in Canucks zone.
10:02 of 3rd period - Shot by Kevin Labanc.
10:02 of 3rd period - Deflect By Casey Mittelstadt.
10:02 of 3rd period - Stopped by Carey Price without a rebound.
10:03 of 3rd period - Mikael Granlund wins face-off versus Ryan O'Reilly in Canucks zone.
10:04 of 3rd period - Shot by Bobby Ryan.
10:04 of 3rd period - Shot Hit the Post.
10:24 of 3rd period - Icing by Ryan O'Reilly.
10:25 of 3rd period - Jason Dickinson wins face-off versus Ryan O'Reilly in Canucks zone.
10:43 of 3rd period - Wayne Simmonds is hit by Ian Cole and loses puck.
10:56 of 3rd period - Shot by Jason Dickinson.
10:56 of 3rd period - Stopped by Carey Price without a rebound.
10:57 of 3rd period - Kevin Hayes wins face-off versus Mikael Granlund in Canucks zone.
11:06 of 3rd period - Off-side.
11:07 of 3rd period - Josh Anderson wins face-off versus Chris Tierney in neutral zone.
11:16 of 3rd period - Shot by Josh Anderson.
11:16 of 3rd period - Stopped by Carey Price with a rebound.
12:16 of 3rd period - Casey Mittelstadt is hit by Tanner Pearson and loses puck.
12:42 of 3rd period - Bobby Ryan is hit by Aaron Ekblad and loses puck.
12:51 of 3rd period - Shot by Brayden Point.
12:51 of 3rd period - Stopped by Pekka Rinne without a rebound.
12:52 of 3rd period - Ryan O'Reilly wins face-off versus Jason Dickinson in Capitals zone.
13:29 of 3rd period - Shot by Jason Dickinson.
13:29 of 3rd period - Shot Misses the Net.
13:43 of 3rd period - Shot by Reilly Smith.
13:43 of 3rd period - Stopped by Carey Price without a rebound.
13:44 of 3rd period - Tanner Pearson wins face-off versus Chandler Stephenson in Canucks zone.
13:51 of 3rd period - Icing by Kris Russell.
13:52 of 3rd period - Chandler Stephenson wins face-off versus Kevin Hayes in Capitals zone.
14:12 of 3rd period - Shot by Alex Pietrangelo.
14:12 of 3rd period - Shot Blocked by Kris Russell.
14:22 of 3rd period - Shot by Anthony Duclair.
14:22 of 3rd period - Shot Blocked by Vinnie Hinostroza.
15:18 of 3rd period - Icing by Michael Del Zotto.
15:19 of 3rd period - Mikael Granlund wins face-off versus Brayden Point in Capitals zone.
15:23 of 3rd period - Off-side.
15:24 of 3rd period - Brayden Point wins face-off versus Jason Dickinson in neutral zone.
15:28 of 3rd period - Icing by Jason Dickinson.
15:29 of 3rd period - Jason Dickinson wins face-off versus Brayden Point in Capitals zone.
15:40 of 3rd period - Mitch Marner is hit by Brett Kulak and loses puck.
15:56 of 3rd period - Icing by Brennan Menell.
15:57 of 3rd period - Jason Dickinson wins face-off versus Ryan O'Reilly in Capitals zone.
15:57 of 3rd period - David Kampf is hit by Boone Jenner and loses puck.
16:03 of 3rd period - Jason Dickinson is hit by Morgan Rielly and loses puck.
16:25 of 3rd period - Minor Penalty to Ron Hainsey for Tripping.
16:26 of 3rd period - Mikael Granlund wins face-off versus Chris Tierney in Canucks zone.
17:51 of 3rd period - Shot by Kris Russell.
17:51 of 3rd period - Stopped by Carey Price without a rebound.
17:52 of 3rd period - Jason Dickinson wins face-off versus Blake Coleman in Canucks zone.
18:09 of 3rd period - Shot by Kris Russell.
18:09 of 3rd period - Stopped by Carey Price with a rebound.
18:11 of 3rd period - Shot by Jason Dickinson.
18:11 of 3rd period - Shot Blocked by Ian Cole.
18:13 of 3rd period - Shot by Kris Russell.
18:13 of 3rd period - Shot Misses the Net.
18:15 of 3rd period - Shot by Jason Dickinson.
18:15 of 3rd period - Deflect By Wayne Simmonds.
18:15 of 3rd period - Shot Misses the Net.
19:30 of 3rd period - Shot by Reilly Smith.
19:30 of 3rd period - Stopped by Carey Price without a rebound.
19:31 of 3rd period - Ryan O'Reilly wins face-off versus Mikael Granlund in Canucks zone.
19:54 of 3rd period - Shot by Reilly Smith.
19:54 of 3rd period - Stopped by Carey Price without a rebound.
19:55 of 3rd period - Chandler Stephenson wins face-off versus Kevin Hayes in Canucks zone.
19:59 of 3rd period - Chandler Stephenson is hit by Alex Pietrangelo and loses puck.
Goals for this period are 0 for Canucks vs 1 for Capitals.
Shots for this period are 6 for Canucks vs 14 for Capitals.

Overtime #1


0:01 of 1st overtime period - Kevin Hayes wins face-off versus Mikael Granlund in neutral zone.
0:38 of 1st overtime period - Shot by Mitch Marner.
0:38 of 1st overtime period - Stopped by Pekka Rinne with a rebound.
0:49 of 1st overtime period - Icing by Alex Pietrangelo.
0:50 of 1st overtime period - Kevin Hayes wins face-off versus Jason Dickinson in Canucks zone.
1:03 of 1st overtime period - Shot by Bobby Ryan.
1:03 of 1st overtime period - Stopped by Carey Price without a rebound.
1:04 of 1st overtime period - Ryan O'Reilly wins face-off versus Jason Dickinson in Canucks zone.
1:15 of 1st overtime period - Shot by Ryan O'Reilly.
1:15 of 1st overtime period - Stopped by Pekka Rinne without a rebound.
1:16 of 1st overtime period - Ryan O'Reilly wins face-off versus Mikael Granlund in Capitals zone.
1:47 of 1st overtime period - Shot by Brayden Point.
1:47 of 1st overtime period - Shot Blocked by Brandon Montour.
2:23 of 1st overtime period - Shot by Kevin Hayes.
2:23 of 1st overtime period - Stopped by Pekka Rinne without a rebound.
2:24 of 1st overtime period - Blake Coleman wins face-off versus David Kampf in Capitals zone.
2:33 of 1st overtime period - Shot by Mitch Marner.
2:33 of 1st overtime period - Stopped by Pekka Rinne without a rebound.
2:34 of 1st overtime period - Kevin Hayes wins face-off versus Mikael Granlund in Capitals zone.
3:00 of 1st overtime period - Shot by Kevin Hayes.
3:00 of 1st overtime period - Shot Misses the Net.
3:02 of 1st overtime period - Shot by Kevin Hayes.
3:02 of 1st overtime period - Stopped by Pekka Rinne with a rebound.
3:13 of 1st overtime period - Icing by Reilly Smith.
3:14 of 1st overtime period - Ryan O'Reilly wins face-off versus Mikael Granlund in Capitals zone.
3:25 of 1st overtime period - Shot by Brayden Point.
3:25 of 1st overtime period - Stopped by Pekka Rinne without a rebound.
3:26 of 1st overtime period - Jason Dickinson wins face-off versus Kevin Hayes in Capitals zone.
3:31 of 1st overtime period - Shot by Bobby Ryan.
3:31 of 1st overtime period - Goal by Bobby Ryan - Canucks : 2 - Capitals : 3.
Goals for this period are 0 for Canucks vs 1 for Capitals.
Shots for this period are 6 for Canucks vs 2 for Capitals.